 Dungeon Crawl Stone Soup version 0.30-a0-371-gad7725a93e (webtiles) character file.

Game seed: 7943485906188515840

22 oldmanjim the Vexing (level 2, -1/23 HPs)
             Began as a Gnoll Hexslinger on Nov 21, 2022.
             Slain by an iron imp (2 damage)
             ... summoned by Natasha
             ... on level 2 of the Dungeon.
             The game lasted 00:06:40 (1195 turns).

oldmanjim the Vexing (Gnoll Hexslinger)             Turns: 1195, Time: 00:06:41

Health: -1/23      AC:  3    Str:  9    XL:     2   Next: 91%
Magic:  1/5        EV: 13    Int: 12    God:
Gold:   136        SH:  5    Dex: 12    Spells: 5/6 levels left

rFire   . . .      SeeInvis .    a - +1 sling
rCold   . . .      Faith    .    (no shield)
rNeg    . . .      Spirit   .    c - +0 robe
rPois   .          Reflect  +    (no helmet)
rElec   .          Harm     .    (no cloak)
rCorr   +          Rampage  .    o - +0 pair of gloves
Will    .....                    (no boots)
Stlth   +.........               h - amulet of reflection
HPRegen 0.23/turn                d - ring of wizardry
MPRegen 0.09/turn                k - ring of resist corrosion

@: no status effects
A: fangs 1, strong nose, distributed training
a: no special abilities


You were on level 2 of the Dungeon.
You visited 1 branch of the dungeon, and saw 2 of its levels.

You collected 136 gold pieces.

Inventory:

Hand Weapons
 a - a +1 sling (weapon)
Missiles
 g - 3 poisoned darts
 p - a stone
Armour
 c - a +0 robe (worn)
 o - a +0 pair of gloves (worn)
Jewellery
 d - a ring of wizardry (left hand)
 h - an amulet of reflection (around neck)
 k - a ring of resist corrosion (right hand)
Scrolls
 b - 2 scrolls of poison
 e - 4 scrolls of identify {unknown}
 l - a scroll of blinking {unknown}
 m - a scroll of fear {unknown}
 n - a scroll of noise {unknown}
 q - a scroll of vulnerability {unknown}
Potions
 f - 2 potions of brilliance {unknown}
 i - a potion of cancellation {unknown}
 j - a potion of degeneration {unknown}


   Skills:
 + Level 2.5 Fighting
 + Level 0.5 Short Blades
 + Level 0.5 Long Blades
 + Level 0.5 Axes
 + Level 0.5 Maces & Flails
 + Level 0.5 Polearms
 + Level 0.5 Staves
 + Level 4.5 Ranged Weapons
 + Level 0.5 Throwing
 + Level 0.5 Armour
 + Level 4.5 Dodging
 + Level 0.5 Stealth
 + Level 0.5 Shields
 + Level 0.5 Unarmed Combat
 + Level 2.7 Spellcasting
 + Level 0.4 Conjurations
 + Level 5.4 Hexes
 + Level 0.4 Summonings
 + Level 0.4 Necromancy
 + Level 0.4 Translocations
 + Level 0.4 Transmutations
 + Level 0.4 Fire Magic
 + Level 0.4 Ice Magic
 + Level 0.4 Air Magic
 + Level 0.4 Earth Magic
 + Level 0.4 Poison Magic
 + Level 0.7 Invocations
 + Level 0.5 Evocations


You had 5 spell levels left.
You knew the following spells:

 Your Spells              Type           Power      Damage    Failure   Level
a - Slow                  Hex            56%        N/A       1%          1

Your spell library contained the following spells:

 Spells                   Type           Power      Damage    Failure   Level
 Magic Dart               Conj           8%         1d3       9%          1
 Inner Flame              Hex/Fire       8%         N/A       9%          3
 Portal Projectile        Hex/Tloc       16%        N/A       9%          3
 Cause Fear               Hex            7%         N/A       11%         4
 Searing Ray              Conj           4%         2d4       13%         2
 Fulminant Prism          Conj/Hex       4%         3d5       28%         4


Dungeon Overview and Level Annotations

Branches:
Dungeon (2/15)

Altars:

Annotations:
D:2 Natasha


Innate Abilities, Weirdness & Mutations

You have very sharp teeth.
Your uncanny sense of smell can sniff out nearby items.
Your experience applies equally to all skills.


Message History

Press: ? - help, Shift-Dir - straight line, f/p - Natasha
Aim: Natasha (chance to affect: 48%) Natasha resists with some effort.
Natasha stares at you and mumbles some strange words.
The magic dart hits you.
Casting: Slow (safe; 1% risk of failure)
Confirm with . or Enter, or press ? or * to list all spells.
Aiming: Slow (safe; 1% risk of failure)
Press: ? - help, Shift-Dir - straight line, f/p - Natasha
Aim: Natasha (chance to affect: 48%) Natasha seems to slow down.
You shoot a sling bullet. The sling bullet hits Natasha!
Natasha is heavily wounded.
Natasha casts a spell.
You shoot a sling bullet. The sling bullet hits Natasha.
Natasha is severely wounded.
Aiming: Slow (safe; 1% risk of failure)
Press: ? - help, Q - select action, (/) - cycle Shift-Dir - straight line, p - Natasha Natasha seems to slow down.
Aiming: Slow (safe; 1% risk of failure)
Press: ? - help, Q - select action, (/) - cycle Shift-Dir - straight line Natasha seems to slow down.
The iron imp hits you! Natasha claws you.
Aiming: Slow (safe; 1% risk of failure)
Press: ? - help, Q - select action, (/) - cycle Shift-Dir - straight line Natasha resists with some effort.
The iron imp barely misses you. Natasha claws you!
* * * LOW HITPOINT WARNING * * *
You don't have enough magic to cast this spell.
Unknown command.
You don't have enough magic to cast this spell.
Unknown command.
You don't have enough magic to cast this spell.
Fire: a) +1 sling
Press: ? - help, Q - select action, (/) - cycle Shift-Dir - straight line, f - Natasha
Aim: Natasha (severely wounded, slow, 51% to hit)
You shoot a sling bullet.
The sling bullet closely misses Natasha.
The iron imp hits you.
You die...

#.# #.# #.# #.########
#........# #.######.# #.#
#.# #.######.##########
#.####.##.††....@h.....####
........#.###.##.5.....?...
#.##..........#....#####..#
##...#.#####.##.....## #
#..##.# #..#..#.<..# .#
.......# #..#.......#..#
......#### #..#.<._.#....#
#.####+# #..#.......#.. .
...#..#.<..#


You could see an iron imp (summoned) and Natasha (slow).

Vanquished Creatures
  2 worms (D:2)
  2 ball pythons (D:1)
  A bat (D:1)
  An endoplasm (D:1)
  4 hobgoblins
  A frilled lizard (D:1)
  2 kobolds
  A rat (D:1)
14 creatures vanquished.

Notes
Turn   | Place    | Note
-------+----------+-------------------------------------------
     0 | D:1      | oldmanjim the Gnoll Hexslinger began the quest for the Orb.
     0 | D:1      | Reached XP level 1. HP: 17/17 MP: 4/4
   382 | D:1      | Reached XP level 2. HP: 23/23 MP: 3/5
  1162 | D:2      | Found a faded altar of an unknown god.
  1183 | D:2      | Noticed Natasha
  1194 | D:2      | HP: 1/23 [Natasha (8)]
  1195 | D:2      | Slain by an iron imp

Illustrated notes

Levels and vault maps discovered:
D:1:      minmay_arrival_hallway, layout_basic, minmay_tetromino_t2
D:2:      layout_loops_corners, nicolae_ecumenical_pavilion,
          minmay_shallow_snake_nest, uniq_natasha

Action                   || total
-------------------------++-------
 Fire: Sling             ||    54
 Cast: Slow              ||    18
Armor: Robe              ||     1
Dodge: Dodged            ||    14

Table legend: (Time is in decaauts)
 A = Elapsed time spent in this place.
 B = Non-inter-level travel time spent in this place.
 C = Inter-level travel time spent in this place.
 D = Time resting spent in this place.
 E = Time spent auto-exploring this place.
 F = Levels seen in this place.
 G = Mean time per level.
                   A        B        C        D        E       F      G
               +--------+--------+--------+--------+--------+-----+--------+
         Total |   1203 |   1133 |     70 |      0 |    944 |   2 |  601.5 |
       Dungeon |   1203 |   1133 |     70 |      0 |    944 |   2 |  601.5 |
               +--------+--------+--------+--------+--------+-----+--------+

Top non-repeatable levels by time:
     D:1: 915 daAuts
     D:2: 287 daAuts
